 Dungeon Crawl Stone Soup version 0.27-a0-1154-gfdeffcb720 (webtiles) character file.

Game seed: 12974016720932332948

73004 chippings the Basher (level 15, -18/130 HPs)
             Began as a Mummy Gladiator on May 14, 2021.
             Was the Champion of Ashenzari.
             Demolished by a naga
             ... wielding a +0 glaive
              (27 damage)
             ... on level 2 of the Snake Pit.
             The game lasted 00:53:31 (17497 turns).

chippings the Basher (Mummy Gladiator)             Turns: 17497, Time: 00:53:32

Health: -18/130    AC: 38    Str: 21    XL:     15   Next: 2%
Magic:  36/36      EV: 11    Int:  9    God:    Ashenzari [******]
Gold:   1909       SH:  0    Dex: 18    Spells: 30/48 levels left

rFire    . . .     SeeInvis +   o - +3 dire flail "Restrained Sybil" {protect, Fort, Cun} (curse)
rCold    . . .     Faith    .   (shield currently unavailable)
rNeg     + + +     Spirit   .   t - +7 chain mail of Supernal Gnosis {rN++ Int-4 Slay+3, Fort, Self} (curse)
rPois    ∞         Reflect  .   F - +2 hat of Ashenzari's Portent {Regen+, Self, Evo} (curse)
rElec    +         Harm     .   E - +2 cloak "Ensconced Absolutism" {rPois, Elem, Comp} (curse)
rCorr    .         Rampage  .   B - +2 pair of gloves "Restrained Autotheism" {Cun, Melee} (curse)
Will     +....     Clarity  +   A - +2 pair of boots of the Cursed Panentheism {Melee, Elem} (curse)
Stlth    ..........             u - amulet of the Gnostic Loss {Fragile rElec Regen+ Int+4 Dex+3, Self, Comp} (curse)
HPRegen  2.31/turn              m - ring of Ashenzari's Omen {Wiz, Alch, Bglg} (curse)
MPRegen  0.25/turn              n - ring "Shattered Secrets" {Fire, Elem, Self} (curse)

@: under a protective aura, studying Unarmed Combat
A: cold resistance 1, negative energy resistance 3, torment resistance 2, heat
vulnerability 1, in touch with death 1, no potions
a: Renounce Religion, Shatter the Chains


You were on level 2 of the Snake Pit.
You worshipped Ashenzari.
Ashenzari was exalted by your worship.
You visited 4 branches of the dungeon, and saw 21 of its levels.
You also visited: Gauntlet.

You collected 2114 gold pieces.
You spent 205 gold pieces at shops.

Inventory:

Hand Weapons
 e - a +2 morningstar of freezing
 o - the cursed +3 dire flail "Restrained Sybil" (weapon) {protect, Fort, Cun}
   (You took it off Edmund on level 4 of the Dungeon)

   It grants its wielder temporary protection when it strikes (+7 to AC).
   It has a curse which improves the following skills: Fortitude: Armour and
   Shields.
   Cunning:   Dodging and Stealth.
Missiles
 d - 11 throwing nets (quivered)
 j - 80 poisoned darts
 k - 5 atropa-tipped darts
 q - 28 boomerangs
 x - 5 silver boomerangs
 y - 5 curare-tipped darts
 J - 10 javelins
Armour
 g - a +1 kite shield of protection
 t - the cursed +7 chain mail of Supernal Gnosis (worn) {rN++ Int-4 Slay+3, Fort, Self}
   (You found it on level 6 of the Dungeon)

   It affects your intelligence (-4).
   It affects your accuracy and damage with ranged weapons and melee attacks
   (+3).
   It greatly protects you from negative energy.
   It has a curse which improves the following skills: Fortitude: Armour and
   Shields.
   Introspection: Fighting and Spellcasting.
 A - the cursed +2 pair of boots of the Cursed Panentheism (worn) {Melee, Elem}
   (You bought it in a shop on level 9 of the Dungeon)

   It has a curse which improves the following skills: Melee Combat: Short
   Blades, Long Blades, Axes, Maces & Flails, Polearms, Staves and Unarmed
   Combat.
   Elements:  Fire Magic, Ice Magic, Air Magic and Earth Magic.
 B - the cursed +2 pair of gloves "Restrained Autotheism" (worn) {Cun, Melee}
   (You found it on level 11 of the Dungeon)

   It has a curse which improves the following skills: Cunning: Dodging and
   Stealth.
   Melee Combat: Short Blades, Long Blades, Axes, Maces & Flails, Polearms,
   Staves and Unarmed Combat.
 E - the cursed +2 cloak "Ensconced Absolutism" (worn) {rPois, Elem, Comp}
   (You found it in a Gauntlet)

   It has a curse which improves the following skills: Elements: Fire Magic, Ice
   Magic, Air Magic and Earth Magic.
   Companions: Summonings and Necromancy.
 F - the cursed +2 hat of Ashenzari's Portent (worn) {Regen+, Self, Evo}
   (You found it in a Gauntlet)

   It increases your rate of health regeneration.
   It has a curse which improves the following skills: Introspection: Fighting
   and Spellcasting.
   Evocations: Evocations.
Jewellery
 l - a +6 ring of intelligence
 m - the cursed ring of Ashenzari's Omen (left hand) {Wiz, Alch, Bglg}
   (You took it off a kobold on level 3 of the Dungeon)

   [ring of wizardry]

   It improves your spell success rate.
   It has a curse which improves the following skills: Alchemy: Poison Magic and
   Transmutations.
   Beguiling: Conjurations, Hexes and Translocations.
 n - the cursed ring "Shattered Secrets" (right hand) {Fire, Elem, Self}
   (You found it on level 3 of the Dungeon)

   [ring of fire]

   It enhances your fire magic.
   It protects you from fire.
   It makes you vulnerable to cold.
   It has a curse which improves the following skills: Elements: Fire Magic, Ice
   Magic, Air Magic and Earth Magic.
   Introspection: Fighting and Spellcasting.
 u - the cursed amulet of the Gnostic Loss (around neck) {Fragile rElec Regen+ Int+4 Dex+3, Self, Comp}
   (You acquired it on level 7 of the Dungeon)

   [amulet of regeneration]

   It affects your intelligence (+4).
   It affects your dexterity (+3).
   It insulates you from electricity.
   It increases your rate of health regeneration.
   It will be destroyed if unequipped.
   It has a curse which improves the following skills: Introspection: Fighting
   and Spellcasting.
   Companions: Summonings and Necromancy.
 N - a ring of willpower
 P - a +6 ring of intelligence
Wands
 a - a wand of flame (54)
 c - a wand of acid (13)
 i - a wand of digging (18)
 r - a wand of mindburst (52)
 s - a wand of iceblast (46)
 H - a wand of polymorph (9)
Scrolls
 b - 4 scrolls of blinking
 f - 2 scrolls of enchant armour
 h - 6 scrolls of noise
 p - 2 scrolls of brand weapon
 v - 6 scrolls of teleportation
 w - a scroll of torment
 z - a scroll of holy word
 C - 3 scrolls of immolation
 D - 2 scrolls of vulnerability
 G - 3 scrolls of fear
 K - 2 scrolls of fog
 L - a scroll of enchant weapon
 M - 3 scrolls of magic mapping
 O - a scroll of amnesia
Miscellaneous
 I - a lightning rod (4/4)


   Skills:
 + Level 9.0(15.7) Fighting
 - Level 12.2(16.3) Maces & Flails
 - Level 6.2 Throwing
 + Level 7.0(11.5) Armour
 - Level 2.4(6.0) Dodging
 + Level 10.4(17.1) Spellcasting
 + Level 6.7(9.8) Translocations
 + Level 7.2(12.9) Fire Magic
 + Level 7.3(13.0) Earth Magic
 + Level 6.0(9.1) Evocations


You had 30 spell levels left.
You knew the following spells:

 Your Spells              Type           Power      Damage    Failure   Level
a - Bolt of Magma         Conj/Fire/Erth 17%        4d9       13%         5
b - Blink                 Tloc           N/A        N/A       1%          2
c - Lesser Beckoning      Tloc           12%        N/A       1%          3
d - Manifold Assault      Tloc           25%        N/A       9%          5
e - Teleport Other        Tloc           25%        N/A       1%          3

Your spell library contained the following spells:

 Spells                   Type           Power      Damage    Failure   Level
 Sandblast                Erth           62%        2d14      1%          1
 Passwall                 Tmut/Erth      15%        N/A       1%          2
 Gell's Gravitas          Tloc           12%        N/A       1%          3
 Lee's Rapid Deconstruct  Erth           15%        3d11*     2%          5
 Stone Arrow              Conj/Erth      38%        3d9       3%          3
 Petrify                  Tmut/Erth      19%        N/A       11%         4
 Static Discharge         Conj/Air       8%         N/A       21%         2
 Confusing Touch          Hex            8%         N/A       38%         3
 Iron Shot                Conj/Erth      9%         9d3       82%         6
 Lightning Bolt           Conj/Air       4%         1d15      97%         5
 Metabolic Englaciation   Hex/Ice        4%         N/A       97%         5
 Iskenderun's Battlesphe  Conj           8%         2d6       98%         5
 Yara's Violent Unravell  Hex/Tmut       4%         3d4       98%         5
 Ignition                 Fire           23%        3d8       99%         8
 Orb of Destruction       Conj           4%         9d2       100%        7
 Spellforged Servitor     Conj/Summ      4%         N/A       100%        7
 Shatter                  Erth           15%        3d15*     100%        9
 Tornado                  Air            4%         N/A       100%        9


Dungeon Overview and Level Annotations

Branches:
Dungeon (12/15)            Temple (1/1) D:6            Lair (6/6) D:10
  Swamp (0/4) Lair:4        Snake (2/4) Lair:2        Slime (0/5) Lair:6
    Orc (0/2) D:11        Gauntlet (visited)

Altars:
Ashenzari
Cheibriados
Fedhas
Gozag
Kikubaaqudgha
Sif Muna
Trog
Xom
The Shining One
Beogh

Shops:
D:5 *   D:6 (   D:7 [   D:8 [   D:9 ([*(*

Annotations:
D:2 1 runed translucent door, Crazy Yiuf
D:6 3 runed translucent doors, MisterAzrael's ghost, novice DECj
D:7 1 runed translucent door
D:11 Fannar
Snake:1 2 transporters, pokeman's ghost, adept DEWz


Innate Abilities, Weirdness & Mutations

You are immune to poison.
Your flesh is cold resistant. (rC+)
You are immune to negative energy. (rN+++)
You are immune to unholy pain and torment.
You are vulnerable to heat. (rF-)
You are in touch with the powers of death.
You do not drink.


Message History

The naga warrior hits you with a +0 broad axe!
The naga warrior hits you with a +0 trident!!
The naga warrior constricts you.
You hit the salamander.
The salamander is almost dead.
The salamander hits you with a +0 halberd.
You are engulfed in flames!
You puncture the salamander!
You kill the salamander!
The guardian serpent hits you but does no damage.
The naga warrior roars a battlecry!
The naga warrior goes into a battle-frenzy!
The naga warrior constricts you.
The naga warrior hits you with a +0 broad axe!!!
* * * LOW HITPOINT WARNING * * *
The naga closely misses you.
Casting: Bolt of Magma (dangerous; 13% risk of failure)
Confirm with . or Enter, or press ? or * to list all spells.
You escape the naga warrior's grasp.
You blink.
The guardian serpent casts a spell at you.
The bolt of poison misses you.
The guardian serpent casts a spell at you.
The bolt of poison hits you but does no damage.
You resist.
The guardian serpent coils itself and waves its upper body at you.
The bolt of poison misses you.
The guardian serpent casts a spell at you.
The bolt of poison misses you.
The guardian serpent coils itself and waves its upper body at you.
The naga blinks!
The naga warrior blinks!
You puncture the naga warrior!
Your weapon exudes an aura of protection.
The naga warrior is lightly wounded.
The naga warrior hits you with a +0 broad axe!!
* * * LOW HITPOINT WARNING * * *
The naga warrior closely misses you.
You hit the naga warrior but do no damage.
The naga warrior is lightly wounded.
The naga hits you with a +0 glaive!!
You die...

.._.......##..')).......'....##..
.....#######..#######...#######..
.....######....#######...#######.
...##...##..........##........##.
#..+.<..'...........##........##.
################################.
################################.
##......##......N..........##....
##......##§..S..@N.......)))..)..
##. *####.############...#######
##., *####{############..########
##.,, ..##{.##..##.......##......
##, ,,..##N..+..##........'......
*,,, ..##N>##. #.......##......
** ,,*####N.##. #..##...##......
* , , ###...##. #..##.<.##......
** ,,, .$.# , *#.,##...##......


You could see a naga warrior (strong), a guardian serpent and a naga (strong).

Vanquished Creatures
  A minotaur (Gauntlet)
  A boulder beetle (Lair:2)
  6 naga warriors
  4 catoblepae
  9 hydras
  2 anacondas (Snake:2)
  5 death yaks (Lair:6)
  3 two-headed ogres
  Urug (D:10)
  4 naga sharpshooters (Snake:2)
  4 shock serpents
  Sonja (D:10)
  The ghost of kd29 the Zephyrmancer, a novice TeAE of Vehumet (D:8)
  A naga ritualist (Snake:2)
  2 bog bodies (Lair:4)
  A mana viper (Snake:2)
  An oklob plant (Lair:3)
  A cyclops (D:11)
  A necromancer (Gauntlet)
  2 manticores (Lair:6)
  An ugly thing (D:12)
  4 salamanders
  6 elephants (Lair:6)
  Joseph (D:10)
  17 black mambas
  2 torpor snails
  13 cane toads
  An apocalypse crab (Gauntlet)
  10 naga magi
  2 gargoyles
  Psyche (D:11)
  2 rime drakes
  9 komodo dragons
  A troll (D:11)
  A polar bear (Lair:3)
  Grinder (D:3)
  14 blink frogs
  A raiju (Gauntlet)
  36 yaks
  4 basilisks
  4 wyverns
  2 steam dragons (Gauntlet)
  5 vampire mosquitoes
  25 nagas
  Edmund (D:4)
  Duvessa (D:4)
  9 water moccasins
  15 orc warriors
  6 centaurs
  5 ogres
  A necrophage (D:6)
  14 wolves
  2 scorpions
  15 bullfrogs
  3 gnoll sergeants
  Dowan (D:4)
  8 wights
  6 killer bees (D:6)
  A howler monkey (D:5)
  An electric eel (D:6)
  3 vampire bats (D:3)
  2 bullfrog zombies
  7 centaur zombies
  4 hounds
  An iron imp (D:7)
  4 orc priests
  2 centaur skeletons
  4 bullfrog skeletons
  Jessica (D:2)
  An iguana (D:4)
  3 orc wizards
  A hell rat (Lair:2)
  Robin (D:4)
  A howler monkey zombie (D:9)
  16 gnolls
  11 adders
  A white imp (D:7)
  An ufetubus (D:4)
  An adder skeleton (D:4)
  2 worms
  2 dart slugs
  49 orcs
  8 endoplasms
  6 giant cockroaches
  17 goblins
  7 hobgoblins
  3 jackals (D:2)
  4 quokkas
  4 ball pythons
  12 bats
  3 frilled lizards
  2 goblin skeletons (D:7)
  A hobgoblin zombie (D:7)
  8 kobolds
  A kobold skeleton (D:7)
  2 kobold zombies (D:7)
  3 orc skeletons (D:7)
  2 orc zombies (D:7)
  9 rats
  2 bushes (Lair:3)
515 creatures vanquished.

Vanquished Creatures (others)
  A hound (D:4)
  An orc wizard (D:4)
  2 adders (D:4)
  A dart slug (D:4)
  An orc (D:4)
  A ball python (D:4)
  An endoplasm (D:4)
  A giant cockroach (D:4)
  A hobgoblin (D:4)
  A goblin (D:6)
  A kobold (D:6)
  10 fungi
  38 plants
60 creatures vanquished.

Grand Total: 575 creatures vanquished

Notes
Turn   | Place    | Note
-------+----------+-------------------------------------------
     0 | D:1      | chippings the Mummy Gladiator began the quest for the Orb.
     0 | D:1      | Reached XP level 1. HP: 16/16 MP: 1/1
   232 | D:1      | Reached XP level 2. HP: 20/22 MP: 2/2
   453 | D:1      | Reached skill level 3 in Maces & Flails
   796 | D:2      | Reached XP level 3. HP: 27/28 MP: 3/3
   830 | D:2      | Noticed Jessica
   836 | D:2      | Killed Jessica
   988 | D:2      | Reached XP level 4. HP: 34/34 MP: 4/4
  1077 | D:2      | Noticed a scorpion
  1093 | D:2      | Killed a scorpion
  1094 | D:2      | Reached skill level 4 in Maces & Flails
  1094 | D:2      | Reached XP level 5. HP: 27/41 MP: 5/5
  1642 | D:2      | Found a runed translucent door.
  1643 | D:2      | Noticed Crazy Yiuf
  1704 | D:3      | Found a broken altar of Ashenzari.
  1706 | D:3      | Found an opulent altar of Gozag.
  1706 | D:3      | Found a blossoming altar of Fedhas.
  1725 | D:3      | Became a worshipper of Ashenzari the Shackled
  1859 | D:3      | Noticed Grinder
  1865 | D:3      | Paralysed by Grinder for 4 turns
  1886 | D:3      | Killed Grinder
  1887 | D:3      | Reached skill level 5 in Maces & Flails
  1887 | D:3      | Reached XP level 6. HP: 40/48 MP: 4/6
  2439 | D:4      | Noticed Edmund
  2456 | D:4      | Killed Edmund
  2457 | D:4      | Reached XP level 7. HP: 28/55 MP: 3/7
  2694 | D:4      | Noticed Dowan
  2722 | D:4      | Reached skill level 6 in Maces & Flails
  2724 | D:5      | Entered Level 5 of the Dungeon
  2774 | D:5      | Reached skill level 5 in Fighting
  2890 | D:4      | Killed Dowan
  2950 | D:4      | Noticed Robin
  3271 | D:4      | Killed Robin
  3354 | D:4      | Noticed Duvessa
  3378 | D:4      | Killed Duvessa
  3829 | D:4      | Found a shimmering altar of Xom.
  4142 | D:5      | Reached * piety under Ashenzari
  4480 | D:5      | Found Kotui's General Store.
  4483 | D:5      | Bought a scroll of teleportation for 39 gold pieces
  4563 | D:5      | Reached XP level 8. HP: 63/63 MP: 8/8
  4627 | D:5      | Found a snail-covered altar of Cheibriados.
  4627 | D:5      | Found an ancient bone altar of Kikubaaqudgha.
  4692 | D:5      | Reached skill level 7 in Maces & Flails
  4730 | D:5      | Reached ** piety under Ashenzari
  5176 | D:6      | Reached skill level 1 in Evocations
  5394 | D:6      | Found a runed translucent gate.
  5394 | D:6      | Found a runed translucent gate.
  5394 | D:6      | Found a runed translucent gate.
  5398 | D:6      | Noticed MisterAzrael's ghost (novice DECj)
  5434 | D:6      | Found Avvehihe's Weapon Shoppe.
  5436 | D:6      | Identified the +7 chain mail of Huhiq Zoe {rN++ Int-4
                  | Slay+3}
  5465 | D:6      | Reached skill level 8 in Maces & Flails
  5472 | D:6      | Bought a throwing net for 36 gold pieces
  5854 | D:6      | Found a staircase to the Ecumenical Temple.
  5860 | D:6      | Reached XP level 9. HP: 46/76 MP: 7/9
  6456 | D:6      | Found a bloodstained altar of Trog.
  6728 | Temple   | Entered the Ecumenical Temple
  6760 | D:7      | Noticed a gargoyle
  6769 | D:7      | Killed a gargoyle
  7009 | D:7      | Reached skill level 9 in Maces & Flails
  7088 | D:7      | Found a runed translucent door.
  7090 | D:7      | Noticed a sixfirhy
  7107 | D:7      | Reached *** piety under Ashenzari
  7394 | D:7      | Identified a scroll of acquirement
  7402 | D:7      | Acquired the amulet "Vaserric" {Fragile rElec Regen+ Int+4
                  | Dex+3}
  7451 | D:7      | Found Zihiruyg's Armour Emporium.
  8117 | D:8      | Found a snail-covered altar of Cheibriados.
  8117 | D:8      | Found Cheibriados's Comfort Zone.
  8247 | D:8      | Found a large runed translucent door.
  8247 | D:8      | Found a large runed translucent door.
  8248 | D:8      | Noticed kd29's ghost (novice TeAE)
  8261 | D:8      | Killed kd29's ghost
  8262 | D:8      | Reached skill level 1 in Armour
  8262 | D:8      | Reached XP level 10. HP: 85/89 MP: 10/10
  8530 | D:9      | Found Acryes's General Store.
  8547 | D:9      | Reached **** piety under Ashenzari
  8888 | D:9      | Found Zegomemn's Weapon Emporium.
  8891 | D:9      | Found Pimywn Epha's General Store.
  8894 | D:9      | Found Xystis's Antique Armour Emporium.
  8894 | D:9      | Found Nysuedaj's Antique Weapon Emporium.
  9235 | D:10     | Entered Level 10 of the Dungeon
  9389 | D:10     | Reached ***** piety under Ashenzari
  9501 | D:10     | Noticed Sonja
  9504 | D:10     | Killed Sonja
  9505 | D:10     | Reached skill level 10 in Maces & Flails
  9514 | D:10     | Noticed Urug
  9515 | D:10     | Noticed a two-headed ogre
  9522 | D:10     | Killed a two-headed ogre
  9525 | D:10     | Killed Urug
  9526 | D:10     | Reached skill level 5 in Evocations
  9526 | D:10     | Reached XP level 11. HP: 81/99 MP: 12/12
  9602 | D:10     | Found a staircase to the Lair.
  9706 | D:10     | Noticed Joseph
  9731 | D:10     | Killed Joseph
  9893 | D:9      | Bought a pair of boots for 130 gold pieces
  9911 | D:9      | Learned a level 5 spell: Bolt of Magma
  9939 | D:11     | Noticed Psyche
  9945 | D:11     | Killed Psyche
  9999 | D:11     | Reached skill level 1 in Spellcasting
 10076 | D:11     | Noticed Fannar
 10107 | D:11     | Reached skill level 1 in Earth Magic
 10152 | D:12     | Noticed a seven-headed hydra
 10152 | D:12     | Noticed a two-headed ogre
 10164 | D:12     | Reached skill level 1 in Fire Magic
 10188 | D:12     | Noticed a green ugly thing
 10194 | D:12     | Killed a green ugly thing
 10228 | D:12     | Killed a two-headed ogre
 10385 | D:12     | Noticed a two-headed ogre
 10391 | D:12     | Killed a two-headed ogre
 10436 | Lair:1   | Entered Level 1 of the Lair of Beasts
 10477 | Lair:1   | Reached skill level 5 in Throwing
 10534 | Lair:1   | Reached skill level 11 in Maces & Flails
 10830 | Lair:1   | Learned a level 2 spell: Blink
 10835 | Lair:1   | Learned a level 3 spell: Lesser Beckoning
 10841 | Lair:1   | Learned a level 5 spell: Manifold Assault
 10874 | Lair:1   | Reached XP level 12. HP: 98/107 MP: 24/24
 11350 | Lair:2   | Noticed an eight-headed hydra
 11365 | Lair:2   | Killed an eight-headed hydra
 11380 | Lair:2   | Reached skill level 1 in Translocations
 11475 | Lair:2   | Noticed a boulder beetle
 11522 | Lair:2   | Killed a boulder beetle
 11549 | Lair:2   | Found a gate leading to a gauntlet.
 11571 | Gauntlet | Entered a Gauntlet
 11571 | Gauntlet | Found a transporter.
 11571 | Gauntlet | Found a runed translucent gate.
 11571 | Gauntlet | Found a transporter.
 11573 | Gauntlet | Found a transporter.
 11573 | Gauntlet | Found a transporter.
 11574 | Gauntlet | Found a runed translucent gate.
 11575 | Gauntlet | Found a runed translucent gate.
 11577 | Gauntlet | Found a transporter.
 11578 | Gauntlet | Found a transporter.
 11613 | Gauntlet | Found a transporter.
 11614 | Gauntlet | Found a transporter.
 11623 | Gauntlet | Found a transporter.
 11632 | Gauntlet | Identified the +2 hat "Demiches" {Regen+}
 11638 | Gauntlet | Found a transporter.
 11642 | Gauntlet | Identified the ring of Xixon {Int+6 Stlth+}
 11653 | Gauntlet | Found a transporter.
 11656 | Gauntlet | Found a transporter.
 11798 | Gauntlet | Reached skill level 5 in Spellcasting
 11871 | Gauntlet | Noticed a minotaur
 11900 | Gauntlet | Killed a minotaur
 12084 | Lair:2   | Noticed a four-headed hydra
 12095 | Lair:2   | Killed a four-headed hydra
 12147 | Lair:2   | Found a staircase to the Snake Pit.
 12296 | Lair:2   | Noticed a four-headed hydra
 12298 | Lair:2   | Noticed a catoblepas
 12317 | Lair:2   | Killed a four-headed hydra
 12367 | Lair:2   | Killed a catoblepas
 12395 | Lair:2   | Gained mutation: You are in touch with the powers of death.
                  | [Mummy growth]
 12395 | Lair:2   | Reached XP level 13. HP: 113/113 MP: 28/28
 12520 | Lair:2   | Reached skill level 12 in Maces & Flails
 13287 | Lair:3   | Reached ****** piety under Ashenzari
 13604 | Lair:4   | Found a staircase to the Swamp.
 13944 | Lair:5   | Found a runed translucent door.
 13981 | Lair:5   | Reached skill level 5 in Earth Magic
 13987 | Lair:5   | Reached skill level 5 in Fire Magic
 14039 | Lair:5   | Learned a level 3 spell: Teleport Other
 14657 | Lair:6   | Entered Level 6 of the Lair of Beasts
 14768 | Lair:6   | Reached skill level 5 in Armour
 15086 | Lair:6   | Reached skill level 5 in Translocations
 15094 | Lair:6   | Found a staircase to the Slime Pits.
 15283 | Lair:6   | Reached XP level 14. HP: 111/124 MP: 33/33
 15802 | Snake:1  | Entered Level 1 of the Snake Pit
 15946 | Snake:1  | Noticed pokeman's ghost (adept DEWz)
 15946 | Snake:1  | Found a transporter.
 16119 | Snake:1  | Found a transporter.
 16599 | Snake:2  | Reached skill level 10 in Spellcasting
 16901 | Snake:2  | Found a shimmering blue altar of Sif Muna.
 17384 | Snake:2  | Reached XP level 15. HP: 71/130 MP: 36/36
 17497 | Snake:2  | Demolished by a naga

Illustrated notes

Levels and vault maps discovered:
D:1:      minmay_arrival_plants_in_alcoves, layout_rooms
D:2:      layout_basic, serial_glass, glass_columns_c, glass_columns_a,
          glass_columns_a, glass_columns_a, minivault_14,
          uniq_crazy_yiuf_cottage, uniq_jessica
D:3:      layout_loops_cross, chequers_temple_overflow_statue_of_worship,
          roderic_batcave, hex_medium, uniq_grinder
D:4:      layout_cave_pools, xom_confusion_cloud, minmay_checkerbox, uniq_robin,
          uniq_duvessa, uniq_edmund
D:5:      layout_gridville, gammafunk_temple_overflow_wave, serial_shops,
          kennysheep_mini, hangedman_decor_push
D:6:      layout_gridville, trog_hazing_becter, temple_statues,
          biasface_ghost_orc_armoury, serial_shops, shop, grunt_decor_arrowhead,
          serial_bayou_lagoon_a, grunt_decor_mini_mirrors
D:7:      cheibrodos_shockbox, layout_cave_pods, nicolae_tso_besieged_by_evil,
          serial_shops, shop
D:8:      layout_cave_pools, ebering_ghost_disaster_area, serial_glass,
          glass_columns_a, glass_columns_b, item_on_display_a,
          due_unseen_surprise, feat_on_display, minmay_shop_chei
D:9:      layout_loops_corners, serial_shops, kennysheep_mini_moat,
          minmay_shop_grid_forest, kennysheep_generic_room_15
D:10:     layout_roguey [special_room_orc], uniq_urug, uniq_sonja, uniq_joseph
D:11:     layout_big_octagon, orc_0_dummy, ebering_dispersal_statue_hall,
          uniq_fannar, uniq_erica, uniq_psyche
D:12:     layout_roguey, special_room [special_room_orc], serial_bayou_pond_b,
          nicolae_uskayaw_suspiria
Temple:   minmay_temple_curvy_branch
Lair:1:   layout_cellular_growth
Lair:2:   nzn_winding_woodlands_three_and_one
          [nzn_winding_woodlands_5x15_sidewinder,
          nzn_winding_woodlands_5x15_longhouse,
          nzn_winding_woodlands_5x15_pockets,
          nzn_winding_woodlands_center_pierced_h], layout_loops_ring,
          minmay_snake_entry_guardpost_small, gauntlet_entry_generic
Lair:3:   layout_layer_cave, chequers_serial_rivers_micro_c,
          minmay_lair_oklob_bushes, grunt_megastairs_4
Lair:4:   layout_roguey, skrybe_swamp_entry_bodies, st_stairs_5
Lair:5:   layout_layer_cave, chequers_serial_rivers_small_b, pf_torpor_hydra
Lair:6:   evilmike_catoblepas_cave, layout_big_grid, dpeg_slime_entry_corner,
          grunt_megastairs_5, lemuel_fruit_tree
Snake:1:  layout_rooms, gammafunk_ghost_arena
Snake:2:  layout_grid_maze, basic_altar

Skill      XL: |  1  2  3  4  5  6  7  8  9 10 11 12 13 14 |
---------------+-------------------------------------------+-----
Maces & Flails | 3 4 5 6 8 9 10 11 12 | 12.2
Fighting       | 3 4 5 6 7 8 9 |  9.0
Evocations     | 2 4 5 6 |  6.0
Throwing       | 3 4 5 6 |  6.2
Armour         | 1 3 4 5 7 |  7.0
Spellcasting   | 3 6 8 10 | 10.4
Earth Magic    | 2 4 5 7 |  7.3
Fire Magic     | 2 4 5 7 |  7.2
Translocations | 3 5 6 |  6.7
Dodging        | |  2.4

Action                   |  1- 3 |  4- 6 |  7- 9 | 10-12 | 13-15 || total
-------------------------+-------+-------+-------+-------+-------++-------
Melee: Flail             |   108 |   142 |       |       |       ||   250
       Dire flail        |       |       |   395 |   603 |   875 ||  1873
Throw: Throwing net      |       |       |     2 |       |       ||     2
 Cast: Bolt of Magma     |       |       |       |       |    23 ||    23
       Blink             |       |       |       |       |     2 ||     2
       Lesser Beckoning  |       |       |       |       |     1 ||     1
Invok: Curse Item        |       |     1 |     6 |     5 |     2 ||    14
       Shatter the Chain |       |       |     2 |     3 |       ||     5
Evoke: Wand              |       |     3 |     2 |     9 |       ||    14
       Lightning rod     |       |       |       |       |     4 ||     4
  Use: Scroll            |       |       |     2 |     7 |       ||     9
 Stab: Fleeing           |       |       |       |     1 |       ||     1
       Petrified         |       |       |       |     4 |       ||     4
       Invisible         |       |       |       |     1 |       ||     1
Armor: Leather armour    |    21 |       |       |       |       ||    21
       Ring mail         |    25 |     8 |       |       |       ||    33
       Chain mail        |       |    68 |   272 |   285 |   536 ||  1161
Dodge: Dodged            |    96 |   136 |   374 |   273 |   382 ||  1261

Table legend: (Time is in decaauts)
 A = Elapsed time spent in this place.
 B = Non-inter-level travel time spent in this place.
 C = Inter-level travel time spent in this place.
 D = Time resting spent in this place.
 E = Time spent auto-exploring this place.
 F = Levels seen in this place.
 G = Mean time per level.
                   A        B        C        D        E       F      G
               +--------+--------+--------+--------+--------+-----+--------+
         Total |  16997 |  16470 |    527 |    777 |   9449 |  22 |  772.6 |
       Dungeon |  10430 |  10157 |    273 |    730 |   6118 |  12 |  869.2 |
        Temple |      1 |      1 |      0 |      0 |      0 |   1 |    1.0 |
          Lair |   4701 |   4460 |    241 |     27 |   2591 |   6 |  783.5 |
     Snake Pit |   1554 |   1541 |     13 |     20 |    740 |   2 |  777.0 |
      Gauntlet |    309 |    309 |      0 |      0 |      0 |   1 |  309.0 |
               +--------+--------+--------+--------+--------+-----+--------+

Top non-repeatable levels by time:
     D:6: 1574 daAuts
     D:4: 1442 daAuts
     D:5: 1311 daAuts
     D:7: 1061 daAuts
 Snake:2: 1029 daAuts
     D:2: 1001 daAuts
  Lair:6: 946 daAuts
     D:9: 889 daAuts
  Lair:2: 870 daAuts
  Lair:1: 834 daAuts
  Lair:5: 769 daAuts
     D:1: 734 daAuts
     D:3: 727 daAuts
  Lair:3: 708 daAuts
    D:10: 676 daAuts
